 Dungeon Crawl Stone Soup version 0.17-a0-1840-g87820a2 (webtiles) character file.

223111 abixa the Black Belt (level 19, -1/173 (174) HPs)
             Began as a Ghoul Monk on Sept 16, 2015.
             Was the Champion of Okawaru.
             Slain by a tentacle (4 damage)
             ... attached to a kraken
             ... on level 3 of the Shoals.
             The game lasted 03:15:53 (46687 turns).

abixa the Black Belt (Ghoul Monk)                  Turns: 46687, Time: 03:15:53

HP:   -1/173 (174)  AC: 22    Str: 17    XL:     19   Next: 25%
MP:   42/42         EV: 22    Int:  5    God:    Okawaru [******]
Gold: 1841          SH: 10    Dex: 22    Spells: 0 memorised, 18 levels left

rFire  . . .     SeeInvis +       - Unarmed
rCold  + + .     Clarity  .     H - +4 ring mail of the Stag {Slay+6}
rNeg   + + +     SustAt   .     k - +2 shield {rC+}
rPois  ∞         Gourm    .     h - +2 helmet
rElec  .         Spirit   .     G - +2 cloak of Philately {+Blink rPois MP+9}
rCorr  .         Warding  .     o - +0 pair of gloves
rMut   .         Stasis   .     C - +0 pair of boots {Fly}
MR     ++...                    i - amulet of faith
Stlth  ++........               m - ring of the Ancient Spirits {MP+9 Dex+5 SInv}
                                I - ring of protection from magic

@: flying, rotting, very resistant to hostile enchantments, unstealthy
A: rotting body, claws 1, carnivore 3, cold resistance 1, negative energy
resistance 3, slow healing 1, torment resistance, unbreathing
a: Heroism, Finesse, Renounce Religion, Evoke Blink, Stop Flying
}: 1/15 runes: serpentine


You were on level 3 of the Shoals.
You worshipped Okawaru.
Okawaru was exalted by your worship.
You were not hungry.

You visited 6 branches of the dungeon, and saw 35 of its levels.
You also visited: Labyrinth, Ossuary, Bailey and Ice Cave.

You collected 3354 gold pieces.
You spent 1513 gold pieces at shops.

Inventory:

Hand weapons
 u - a +0 blowgun
Missiles
 g - 103 poisoned needles
 y - 2 curare-tipped needles
 D - 6 javelins (quivered)
 E - 4 throwing nets
Armour
 b - the +1 chain mail of Gaklatoq {rF+ Dex+4 Stlth+}
   (Okawaru gifted it to you in a bailey)

   It affects your dexterity (+4).
   It protects you from fire.
   It makes you more stealthy.
 d - the +0 pair of boots of Xeril {Regen+ Dex+4}
   (You bought it in a shop on level 4 of the Orcish Mines)

   It affects your dexterity (+4).
   It increases your rate of regeneration.
 h - a +2 helmet (worn)
 k - a +2 shield of cold resistance (worn)
 o - a +0 pair of gloves (worn)
 v - the +5 scale mail of the Fifty Places {rF+}
   (Okawaru gifted it to you on level 1 of the Snake Pit)

   It protects you from fire.
 w - a +3 chain mail of magic resistance
 C - a +0 pair of boots of flying (worn)
 G - the +2 cloak of Philately (worn) {+Blink rPois MP+9}
   (Okawaru gifted it to you on level 4 of the Orcish Mines)

   It protects you from poison.
   It affects your magic capacity (+9).
   It lets you blink.
 H - the +4 ring mail of the Stag (worn) {Slay+6}
   (You bought it in a shop on level 4 of the Orcish Mines)

   It affects your accuracy and damage with ranged weapons and melee attacks
   (+6).
Rods
 q - a +5 rod of inaccuracy (11/11)
   (You took it off a minotaur in a labyrinth)
 z - a +3 rod of ignition (10/10)
   (You found it in a labyrinth)
Jewellery
 i - an amulet of faith (around neck)
 m - the ring of the Ancient Spirits (right hand) {MP+9 Dex+5 SInv}
   (You found it in a bailey)

   [ring of magical power]

   It affects your dexterity (+5).
   It affects your magic capacity (+9).
   It lets you see invisible.
 I - a ring of protection from magic (left hand)
 J - an uncursed ring of protection from cold
 R - an uncursed amulet of warding {unknown}
Magical devices
 x - a wand of polymorph (9)
 A - a wand of paralysis (7)
 B - a wand of enslavement (0)
 Q - a wand of disintegration (10)
 T - a wand of paralysis (1)
 V - a wand of digging (6)
 X - a wand of confusion (25)
Scrolls
 e - a scroll of summoning
 l - 22 scrolls of remove curse
 r - a scroll of enchant weapon
 t - 14 scrolls of teleportation
 F - 7 scrolls of immolation
 K - 4 scrolls of vulnerability
 L - 9 scrolls of fog
 M - 2 scrolls of recharging
 O - 4 scrolls of fear
 P - a scroll of identify
 S - 4 scrolls of magic mapping
Potions
 a - a potion of invisibility
 c - 13 potions of curing
 f - 5 potions of might
 n - 6 potions of haste
 p - 7 potions of agility
 s - 4 potions of heal wounds
 N - a potion of magic
 U - 3 potions of cancellation
Miscellaneous
 Y - a sack of spiders {used: 3}
Comestibles
 j - 17 beef jerkies
 W - 9 chunks of flesh


   Skills:
 + Level 16.5 Fighting
 - Level 5.0 Throwing
 - Level 12.5 Armour
 * Level 15.6 Dodging
 - Level 2.1 Stealth
 * Level 20.4 Unarmed Combat
 - Level 8.0 Invocations


You had 18 spell levels left.
You didn't know any spells.

Dungeon Overview and Level Annotations

Branches:
Dungeon (15/15)            Temple (1/1) D:4            Lair (8/8) D:10
 Shoals (3/4) Lair:3        Snake (4/4) Lair:3        Slime (0/6) Lair:8
    Orc (4/4) D:10            Elf (0/3) Orc:4        Vaults (0/5) D:13
 Depths (0/5) D:15

Altars:
Ashenzari
Cheibriados
Dithmenos
Elyvilon
Fedhas
Gozag
Kikubaaqudgha
Makhleb
Nemelex Xobeh
Okawaru
Qazlal
Ru
Sif Muna
Trog
Vehumet
Xom
Yredelemnul
Zin
The Shining One
Beogh

Shops:
D:5 (   D:7 [   D:9 (   D:10 =   D:13 :   D:14 (   Orc:3 :   Orc:4 ![%[
Shoals:2 !   Snake:1 (   Snake:2 *


Innate Abilities, Weirdness & Mutations

Your body is rotting away.
You thrive on raw meat.
You are immune to poison.
You have sharp fingernails.
You are carnivorous and can eat meat at any time.
Your flesh is cold resistant.
You are immune to negative energy.
You heal slowly when monsters are visible.
You are immune to unholy pain and torment.
You can survive without breathing.


Message History

* * * LOW HITPOINT WARNING * * *
You block the sea snake's attack.
The tentacle slaps you but does no damage.
You punch the sea snake!
You kill the sea snake!
Okawaru accepts your kill. The tentacle slaps you!
* * * LOW HITPOINT WARNING * * *
The tentacle misses you.
The kraken squirts a massive cloud of ink into the water!
You block the tentacle's attack.
You feel your flesh rotting away.
The tentacle slaps you but does no damage.
The kraken squirts a massive cloud of ink into the water!
The tentacle barely misses you. The tentacle slaps you.
* * * LOW HITPOINT WARNING * * *
The tentacle slaps you.
* * * LOW HITPOINT WARNING * * *
The tentacle slaps you.
You die...

≈≈≈≈≈≈≈≈≈.....≈≈≈≈≈≈≈≈≈≈≈≈
≈≈≈§≈≈§§.#####.≈≈≈≈≈≈≈≈≈≈≈
≈≈≈≈≈§§..# #..≈≈≈≈≈≈≈≈≈≈
≈≈≈≈§≈..#### ##..≈≈..≈≈≈≈≈
≈≈≈≈§≈.....# ##......≈≈≈.
≈≈≈§§.§§§.## #...##.....
≈≈≈§§....)# #.####..≈.#
≈≈≈≈§§...## .... #..≈≈≈
≈≈≈≈§§§w@# #<... #..≈≈≈
≈≈≈≈§§§ww# ##.≈≈.....≈≈≈
≈≈≈≈§§§§*# #.≈....≈.≈≈≈
≈≈≈≈§§§w..# .≈≈...≈≈≈
≈≈≈≈≈§§X§§..# ≈≈≈≈≈≈...
≈≈≈≈≈§≈§§§<.# ≈≈≈.≈...≈
≈≈≈≈≈§§≈≈§§.# ≈≈≈...≈≈
≈≈≈≈≈≈≈≈§§≈≈.. .≈≈≈
≈≈≈≈≈≈≈≈≈≈≈≈§<. ≈≈≈≈


You could see a kraken (fleeing) and 4 tentacles.

Vanquished Creatures
  Saint Roka (Orc:4)
  Vashnia (Snake:4)
  Rupert (Orc:4)
  Asterion (Snake:4)
  Kirke (Lair:7)
  9 greater nagas
  An emperor scorpion (D:15)
  An orc warlord (Orc:4)
  The ghost of mcbry74 the Grappler, a powerful TrCK of Xom (D:13)
  A merfolk impaler (Shoals:2)
  Josephine (Lair:6)
  7 hydras
  A great orb of eyes (D:15)
  15 naga warriors
  Erolcha (D:12)
  A merfolk avatar (Shoals:2)
  4 centaur warriors
  An ogre mage (D:15)
  A satyr (Shoals:3)
  12 anacondas
  A catoblepas (Lair:6)
  9 death yaks
  6 orc high priests (Orc:4)
  A satyr (shapeshifter) (D:13)
  3 tengu warriors (D:15)
  7 shock serpents
  19 naga sharpshooters
  Nergalle (Lair:1)
  4 salamander mystics
  6 sea snakes
  An ice devil (IceCv)
  3 unseen horrors
  8 naga ritualists
  2 ice statues (IceCv)
  4 wizards
  A lindwurm (D:13)
  A death drake (shapeshifter) (D:15)
  An oklob plant (Lair:8)
  4 hill giants
  5 large abominations (D:9)
  9 orc knights
  4 ugly things
  4 cyclopes
  9 griffons
  7 orc sorcerers
  5 manticores
  13 mana vipers
  7 fauns
  3 guardian serpents
  10 salamanders
  2 water nymphs (Shoals:2)
  25 naga magi
  45 black mambas
  A gargoyle (D:10)
  8 elephants
  9 sirens
  An eye of devastation (Lair:8)
  A torpor snail (Lair:5)
  26 spiny frogs
  8 komodo dragons
  5 centaur skeletons
  2 freezing wraiths (D:15)
  A queen bee (Lair:6)
  10 trolls
  4 fire drakes
  12 merfolk
  11 two-headed ogres
  8 blue devils (IceCv)
  A tengu conjurer (D:15)
  A giant leech (Lair:8)
  A polar bear (Lair:4)
  19 blink frogs
  5 snapping turtles
  A hornet zombie (D:15)
  4 slime creatures
  A trapdoor spider (D:15)
  A shadow (D:15)
  A water elemental (Shoals:3)
  4 basilisks
  3 wyverns
  A deep elf mage (D:9)
  16 hippogriffs
  4 hogs
  7 wraiths
  42 nagas
  21 vampire mosquitoes
  44 yaks
  A steam dragon (D:14)
  3 wargs (Orc:4)
  15 water moccasins
  An insubstantial wisp (D:10)
  A mottled dragon (D:15)
  14 wolves
  68 orc warriors
  3 porcupines
  A sky beast (D:7)
  8 phantoms
  2 eyes of draining
  A wasp (D:12)
  7 ice beasts
  2 black bears
  A swamp drake (D:10)
  A necrophage (D:10)
  8 centaurs
  17 crocodiles
  21 ogres
  A big kobold (D:11)
  A gnoll sergeant (D:9)
  34 giant frogs
  12 scorpions
  22 killer bees
  A troll skeleton (Lab)
  11 electric eels
  7 small abominations (D:9)
  12 wights
  2 giant frog zombies
  6 crimson imps
  A quasit (D:9)
  11 hounds
  3 jellies
  5 centaur zombies
  10 worker ants
  29 orc priests
  35 orc wizards
  11 iguanas
  2 big kobold zombies (Ossuary)
  23 sheep
  A killer bee zombie (D:7)
  4 mummies
  A hound zombie (D:8)
  2 hound skeletons
  6 scorpion zombies (Ossuary)
  8 gnolls
  12 adders
  24 river rats
  5 shadow imps
  6 white imps (IceCv)
  9 ufetubi (IceCv)
  2 worms
  3 adder skeletons
  2 adder zombies
  2 giant geckos
  318 orcs
  5 ball pythons
  8 goblins
  7 hobgoblins
  13 jackals
  3 quokkas
  7 bats
  6 giant cockroaches
  A giant gecko skeleton (D:4)
  5 giant newts
  A goblin zombie (Ossuary)
  4 hobgoblin zombies (Ossuary)
  12 kobolds
  4 orc zombies (Ossuary)
  6 rats
  2 plants
  3 tentacles (Shoals:3)
1482 creatures vanquished.

Vanquished Creatures (collateral kills)
  A minotaur (Lab)
  A shock serpent (Lair:3)
  A naga ritualist (Snake:4)
  2 black mambas (Snake:4)
5 creatures vanquished.

Vanquished Creatures (others)
  A salamander mystic (Snake:4)
  An unseen horror (D:6)
  A human (Lair:7)
  A blink frog (Lair:8)
  A vampire mosquito (D:10)
  A water moccasin (Lair:7)
  A centaur (D:15)
  2 ufetubi (IceCv)
  An orc (Orc:1)
  18 fungi
  21 plants
  3 tentacles (Shoals:3)
  188 tentacle segments (Shoals:3)
240 creatures vanquished.

Grand Total: 1727 creatures vanquished

Notes
Turn   | Place    | Note
--------------------------------------------------------------
     0 | D:1      | abixa the Ghoul Monk began the quest for the Orb.
     0 | D:1      | Reached XP level 1. HP: 19/19 MP: 0/0
   296 | D:1      | Reached XP level 2. HP: 26/26 MP: 1/1
   347 | D:1      | Reached skill level 5 in Unarmed Combat
   829 | D:2      | Reached XP level 3. HP: 29/29 MP: 2/2
  1184 | D:2      | Reached skill level 6 in Unarmed Combat
  1184 | D:2      | Reached XP level 4. HP: 38/38 MP: 3/3
  1817 | D:4      | Reached skill level 1 in Armour
  1817 | D:4      | Reached XP level 5. HP: 20/43 MP: 4/4
  1876 | D:4      | Noticed an ogre
  2042 | D:3      | Killed an ogre
  2042 | D:3      | Reached XP level 6. HP: 12/52 MP: 5/5
  2413 | D:4      | Found a shadowy altar of Dithmenos.
  2413 | D:4      | Noticed a phantom
  2461 | D:4      | Killed a phantom
  2461 | D:4      | Reached XP level 7. HP: 25/57 MP: 6/6
  2679 | D:4      | Reached skill level 7 in Unarmed Combat
  2877 | D:4      | Found a staircase to the Ecumenical Temple.
  2886 | Temple   | Entered the Ecumenical Temple
  3118 | D:4      | Found a bloodstained altar of Trog.
  3194 | D:5      | Entered Level 5 of the Dungeon
  3245 | D:5      | Found a sparkling altar of Nemelex Xobeh.
  3249 | D:5      | Found Hurev's Weapon Boutique.
  3262 | D:5      | Found a sparkling altar of Nemelex Xobeh.
  3436 | D:5      | Reached skill level 5 in Fighting
  3541 | D:5      | Reached XP level 8. HP: 60/68 MP: 7/7
  3631 | D:5      | Found an iron altar of Okawaru.
  3639 | D:5      | Became a worshipper of Warmaster Okawaru
  3639 | D:5      | Acquired Okawaru's first power
  3782 | D:6      | Reached skill level 1 in Invocations
  4123 | D:7      | Found Voad's Armour Emporium.
  4200 | D:7      | Reached skill level 5 in Dodging
  4363 | D:7      | Reached skill level 8 in Unarmed Combat
  4682 | D:8      | Found a sacrificial altar of Ru.
  4719 | D:8      | Reached XP level 9. HP: 70/74 MP: 9/9
  4856 | D:8      | Noticed a two-headed ogre
  4865 | D:8      | Killed a two-headed ogre
  5008 | D:8      | Found a sand-covered staircase.
  5032 | Ossuary  | Entered an ossuary
  5061 | Ossuary  | Reached skill level 5 in Armour
  5327 | Ossuary  | Reached skill level 9 in Unarmed Combat
  5715 | D:8      | Found a snail-covered altar of Cheibriados.
  5977 | D:8      | Found a white marble altar of Elyvilon.
  6120 | D:9      | Reached XP level 10. HP: 69/87 MP: 10/10
  6220 | D:9      | Found Miagos's Weapon Shoppe.
  6571 | D:9      | Noticed a wizard
  6585 | D:9      | Killed a wizard
  6585 | D:9      | Acquired Okawaru's second power
  6592 | D:9      | Noticed a large abomination
  6903 | D:9      | Found a burning altar of Makhleb.
  7543 | D:9      | Reached skill level 10 in Unarmed Combat
  8050 | D:10     | Entered Level 10 of the Dungeon
  8128 | D:10     | Noticed a hill giant
  8386 | D:10     | Reached XP level 11. HP: 51/97 MP: 11/11
  8550 | D:10     | Received a gift from Okawaru
  8606 | D:10     | Found a staircase to the Lair.
  8875 | D:10     | Found a staircase to the Orcish Mines.
  8940 | D:10     | Found Pocsix's Jewellery Shoppe.
  8948 | D:10     | Bought an uncursed amulet of faith for 560 gold pieces
  9304 | Lair:1   | Entered Level 1 of the Lair of Beasts
  9378 | Lair:1   | Noticed Nergalle
  9517 | Lair:1   | Killed Nergalle
  9568 | Lair:1   | Received a gift from Okawaru
  9772 | Lair:1   | Reached skill level 11 in Unarmed Combat
 10259 | Lair:2   | Found a labyrinth entrance.
 10316 | Lab      | Entered a labyrinth
 10677 | Lab      | Noticed a minotaur
 10826 | Lab      | HP: 4/98 [minotaur/rod of inaccuracy (12)]
 10828 | Lab      | Killed a minotaur
 10828 | Lab      | Reached skill level 10 in Fighting
 10832 | Lab      | Got a warped bone ring
 10833 | Lab      | Identified the ring "Mepsoyc" {+/*Tele *Drain rElec Dex+2 Slay+2} (You took it off a minotaur in a labyrinth)
 10950 | Lab      | Identified a +3 rod of ignition (10/10) (You found it in a labyrinth)
 12348 | Lair:2   | Reached XP level 12. HP: 99/107 MP: 13/13
 12762 | Lair:3   | Received a gift from Okawaru
 13005 | Lair:3   | Noticed a seven-headed hydra
 13498 | D:10     | Identified a +5 rod of inaccuracy (11/11) (You took it off a minotaur in a labyrinth)
 13504 | D:10     | Killed a hill giant
 13544 | Orc:1    | Entered Level 1 of the Orcish Mines
 13548 | Orc:1    | Reached skill level 5 in Invocations
 14526 | Orc:3    | Found a flagged portal.
 14535 | Bailey   | Entered a bailey
 14785 | Bailey   | Received a gift from Okawaru
 14786 | Bailey   | Got a twisted chain mail {god gift}
 14797 | Bailey   | Identified the +1 chain mail of Gaklatoq {rF+ Dex+4 Stlth+} (Okawaru gifted it to you in a bailey)
 14853 | Bailey   | Got a bound tin ring
 15108 | Orc:3    | Identified the ring of the Ancient Spirits {MP+9 Dex+5 SInv} (You found it in a bailey)
 15291 | Orc:3    | Found Ifoz's Book Shop.
 15982 | Orc:4    | Entered Level 4 of the Orcish Mines
 15982 | Orc:4    | Noticed Sonja
 16572 | Orc:2    | Reached skill level 12 in Unarmed Combat
 17698 | D:6      | Noticed an unseen horror
 17707 | D:6      | Killed an unseen horror
 18182 | D:9      | Reached XP level 13. HP: 94/115 MP: 18/18
 18217 | D:9      | HP: 3/115 [large abomination (28)]
 18618 | D:9      | Killed a large abomination
 19170 | D:9      | Identified Sif Muna's Incunabulum of Companions
 19400 | Lair:2   | You fall through a shaft for 2 floors!
 19762 | Lair:3   | Received a gift from Okawaru
 19842 | Lair:3   | Found a staircase to the Snake Pit.
 19939 | Lair:3   | Reached skill level 10 in Armour
 20123 | Lair:3   | Reached skill level 13 in Unarmed Combat
 20399 | Lair:3   | Killed a seven-headed hydra
 20649 | Lair:3   | Found a staircase to the Shoals.
 20963 | Lair:4   | Received a gift from Okawaru
 22110 | Lair:5   | Reached skill level 14 in Unarmed Combat
 22344 | Lair:5   | Reached XP level 14. HP: 89/126 MP: 19/19
 22865 | Lair:6   | Received a gift from Okawaru
 23969 | Lair:7   | Noticed Josephine
 24087 | Lair:6   | Killed Josephine
 24218 | Lair:6   | Received a gift from Okawaru
 24238 | Lair:6   | Got a polished scale mail {god gift}
 24249 | Lair:6   | Identified the +4 scale mail of Life {rC+ rCorr Int+6} (Okawaru gifted it to you on level 6 of the Lair of Beasts)
 24579 | Lair:7   | Noticed Kirke
 24668 | Lair:7   | Killed Kirke
 24915 | Lair:7   | Reached skill level 15 in Unarmed Combat
 25281 | Lair:7   | Reached skill level 10 in Dodging
 25601 | Lair:7   | Received a gift from Okawaru
 25686 | Lair:8   | Entered Level 8 of the Lair of Beasts
 25729 | Lair:8   | Found a frozen archway.
 25748 | IceCv    | Entered an ice cave
 25793 | IceCv    | Reached skill level 1 in Throwing
 26279 | IceCv    | Reached XP level 15. HP: 46/133 MP: 20/20
 26883 | Lair:8   | Received a gift from Okawaru
 26892 | Lair:8   | Got a scorched glaive {god gift}
 27099 | Lair:8   | Reached skill level 5 in Throwing
 27432 | Lair:8   | Found a staircase to the Slime Pits.
 27810 | Lair:8   | Reached skill level 16 in Unarmed Combat
 27928 | Lair:8   | Received a gift from Okawaru
 28470 | Lair:8   | Identified the +4 glaive "Ilunev" {freeze, rPois Str+3 Dex-5} (Okawaru gifted it to you on level 8 of the Lair of Beasts)
 29298 | Orc:4    | Noticed Saint Roka
 29554 | Orc:4    | Noticed Sonja
 29554 | Orc:4    | Sonja changed into Sonja the troll
 29570 | Orc:4    | Killed Sonja the troll
 29687 | Orc:3    | Received a gift from Okawaru
 30427 | Orc:4    | Killed Saint Roka
 30676 | Orc:4    | Received a gift from Okawaru
 30812 | Orc:4    | Noticed Rupert
 30963 | Orc:4    | Found a staircase to the Elven Halls.
 31061 | Orc:4    | Received a gift from Okawaru
 31069 | Orc:4    | Got a pitted cloak {god gift}
 31080 | Orc:4    | Identified the +2 cloak of Philately {+Blink rPois MP+9} (Okawaru gifted it to you on level 4 of the Orcish Mines)
 31214 | Orc:4    | Noticed an orc warlord
 31392 | Orc:4    | Killed an orc warlord
 31485 | Orc:4    | Killed Rupert
 31488 | Orc:4    | Reached XP level 16. HP: 122/146 MP: 21/21
 31691 | Orc:4    | Found Ujall's Food Shoppe.
 31715 | Orc:4    | Found Sunaol's Antique Armour Emporium.
 31756 | Orc:4    | Found a roughly hewn altar of Beogh.
 32111 | Orc:4    | Noticed an orc high priest
 32156 | Orc:4    | Killed an orc high priest
 32211 | Orc:4    | Found Wouroeh's Distillery.
 32230 | Orc:4    | Found a roughly hewn altar of Beogh.
 32245 | Orc:4    | Noticed an orc high priest
 32246 | Orc:4    | Found Ukhlitek's Armour Shoppe.
 32745 | Orc:4    | Killed an orc high priest
 32794 | Orc:4    | Noticed an orc high priest
 32794 | Orc:4    | Noticed an orc high priest
 32909 | Orc:4    | Killed an orc high priest
 32917 | Orc:4    | Killed an orc high priest
 32935 | Orc:4    | Noticed an orc high priest
 32935 | Orc:4    | Noticed an orc high priest
 33250 | Orc:4    | Killed an orc high priest
 33474 | Orc:4    | Killed an orc high priest
 33623 | Orc:4    | Bought a warped scale mail for 270 gold pieces
 33623 | Orc:4    | Bought a jewelled ring mail for 270 gold pieces
 33633 | Orc:4    | Identified the +0 scale mail of Suyroiqo {Int+2 Slay+2} (You bought it in a shop on level 4 of the Orcish Mines)
 33644 | Orc:4    | Identified the +4 ring mail of the Stag {Slay+6} (You bought it in a shop on level 4 of the Orcish Mines)
 33703 | Orc:4    | Bought the cursed +0 pair of boots of Xeril {Regen+ Dex+4} for 287 gold pieces
 34882 | D:12     | Noticed Erolcha
 34921 | D:12     | Killed Erolcha
 35208 | D:12     | Received a gift from Okawaru
 35283 | D:13     | Found Meibi's Book Emporium.
 35655 | D:13     | Reached skill level 17 in Unarmed Combat
 35693 | D:13     | Noticed mcbry74's ghost (powerful TrCK)
 35950 | D:13     | Found a gate to the Vaults.
 36438 | D:13     | Killed mcbry74's ghost
 36591 | D:14     | Found Kavucin's Weapon Emporium.
 36930 | D:14     | Received a gift from Okawaru
 37056 | D:14     | Found a sacrificial altar of Ru.
 37331 | D:15     | Entered Level 15 of the Dungeon
 37636 | D:15     | Received a gift from Okawaru
 37937 | D:15     | Reached XP level 17. HP: 106/154 MP: 22/22
 38065 | D:15     | Found a staircase to the Depths.
 38344 | Snake:1  | Entered Level 1 of the Snake Pit
 38388 | Lair:3   | HP: 5/154 [shock serpent/electric aura (12)]
 38752 | Snake:1  | Found Rokitz's Antique Weapon Emporium.
 38826 | Snake:1  | Reached skill level 18 in Unarmed Combat
 38874 | Snake:1  | Reached skill level 15 in Fighting
 39003 | Snake:1  | Received a gift from Okawaru
 39004 | Snake:1  | Got a shimmering scale mail {god gift}
 39015 | Snake:1  | Identified the +5 scale mail of the Fifty Places {rF+} (Okawaru gifted it to you on level 1 of the Snake Pit)
 40011 | Snake:2  | Found Zywkon's Assorted Antiques.
 40014 | Snake:2  | Found an ancient bone altar of Kikubaaqudgha.
 40019 | Snake:2  | Bought a blackened glass wand for 112 gold pieces
 40918 | Snake:3  | Received a gift from Okawaru
 41029 | Snake:3  | HP: 7/156 [greater naga (4)]
 41389 | Snake:4  | Entered Level 4 of the Snake Pit
 41496 | Snake:4  | Noticed Asterion
 41515 | Snake:4  | Killed Asterion
 41558 | Snake:4  | Found an ancient bone altar of Kikubaaqudgha.
 41568 | Snake:4  | Noticed Vashnia
 41774 | Snake:4  | Reached skill level 19 in Unarmed Combat
 41816 | Snake:4  | Received a gift from Okawaru
 41877 | Snake:4  | Reached XP level 18. HP: 140/165 MP: 23/23
 42198 | Snake:4  | Received a gift from Okawaru
 42418 | Snake:4  | Received a gift from Okawaru
 42422 | Snake:4  | Killed Vashnia
 42725 | Snake:4  | Received a gift from Okawaru
 42952 | Snake:4  | Got a serpentine rune of Zot
 43061 | Snake:4  | Received a gift from Okawaru
 43091 | Snake:4  | HP: 5/165 [naga sharpshooter/bolt (22)]
 43204 | Snake:4  | Reached skill level 15 in Dodging
 43383 | Snake:4  | Reached skill level 20 in Unarmed Combat
 43514 | Snake:4  | HP: 2/165 [salamander/halberd (15)]
 44457 | Shoals:1 | Entered Level 1 of the Shoals
 44564 | Shoals:1 | Received a gift from Okawaru
 44787 | Shoals:1 | Reached XP level 19. HP: 168/173 MP: 24/24
 45340 | Shoals:2 | Found Noubuz's Distillery.
 45364 | Shoals:2 | Bought a potion of poison for 14 gold pieces
 46676 | Shoals:3 | HP: 5/174 [tentacle[a kraken] (20)]
 46686 | Shoals:3 | HP: 8/174 [tentacle[a kraken] (11)]
 46687 | Shoals:3 | HP: 3/173 [tentacle[a kraken] (1)]
 46687 | Shoals:3 | Slain by a tentacle

Vault maps used:
D:1:      dpeg_arrival_more_subterranean_lakeside_camping
D:2:      first_bread
D:4:      bloody_trog, minmay_temple_entry_grid, minmay_misc_feat_doors,
          corexii_corridor_pit, grunt_dithmenos_shadows
D:5:      lemuel_coloured_pillars_altar, basic_altar, serial_shops, shop_statue,
          nemelex_xobeh_ov_fountains_minmay
D:7:      serial_shops, kennysheep_mini, serial_curves, eino_curves_04,
          eino_curves_02
D:8:      kennysheep_mini_moat, cheibriados_altar_1, lemuel_doored_altar,
          gup_ossuary_entry_pyramid, minmay_misc_feat_columns,
          minmay_door_square
D:9:      old_standard_altar, serial_shops, nicolae_shop_waterfront,
          grunt_ogre_cave, minmay_misc_feat_iff, laboratory
D:10:     lair_0_dummy, hiddenorc1_lemuel, serial_shops, shop, pond
D:12:     serial_glass, glass_columns_a, glass_columns_b, wad_mini_maze,
          uniq_erolcha
D:13:     david_vaults_4, serial_shops, nicolae_shop_trees
D:14:     serial_shops, shop_fountains, nicolae_ru_awakened_eye
D:15:     hangedman_depths_entry_try_elsewhere_first, serial_park_square3
Temple:   circular_temple_13
Lair:1:   st_stairs_13, uniq_nergalle
Lair:2:   lab_entry_generic, st_stairs_11, nicolae_quartered_pool_little,
          infiniplex_staircase_pool
Lair:3:   minmay_shoals_entry_lonely_mermaid, minmay_snake_entry_six_corridors,
          lemuel_fruit_tree
Lair:4:   beast_lair_carwin_5
Lair:6:   special_room, minmay_stone_trees_small, grunt_megastairs_3,
          serial_bayou_shore_b
Lair:7:   uniq_josephine, uniq_kirke
Lair:8:   minmay_lair_end_frog_pond, minmay_slime_entry_oklob_enclosed,
          portal_ice_cave_entry_pillars_01, grunt_megastairs_4
Shoals:2: serial_shops, shop
Shoals:3: nicolae_shoals_circle_sea_wall
Snake:1:  serial_shops, shop, st_stairs_8, serial_bayou_shore_b
Snake:2:  basic_altar, serial_shops, shop, grunt_ministairs_8
Snake:3:  nicolae_snakescales, st_stairs_8
Snake:4:  snake_pit, basic_altar, uniq_asterion, uniq_vashnia
Orc:3:    enter_bailey_2, serial_shops, shop, nicolae_orc_pool_cavern
Orc:4:    pubby_orc_utopia, uniq_saint_roka, uniq_sonja, uniq_rupert
Lab:      labyrinth_watery, nicolae_lab_blocks, nicolae_lab_x,
          nicolae_lab_garden, nicolae_lab_very_dead_end,
          labyrinth_skeletal_remains
Ossuary:  ossuary_minmay_scorpions
Bailey:   bailey_polearm_1, bailey
IceCv:    ice_cave_small_demon

Action                   |  1- 3 |  4- 6 |  7- 9 | 10-12 | 13-15 | 16-18 | 19-21 || total
-------------------------+-------+-------+-------+-------+-------+-------+-------++-------
Melee: Unarmed           |   104 |   172 |   631 |  1283 |  2321 |  2065 |   238 ||  6814
 Fire: Blowgun           |       |       |       |    89 |    24 |    44 |       ||   157
Invok: Heroism           |       |       |       |     2 |     2 |     3 |     1 ||     8
       Finesse           |       |       |       |       |     1 |     2 |       ||     3
Evoke: Wand              |       |     2 |     5 |     6 |     2 |     9 |       ||    24
       Sack of spiders   |       |       |       |     3 |     1 |       |       ||     4
       Rod               |       |       |       |    12 |     4 |       |       ||    16
  Use: Scroll            |       |       |     9 |    21 |     8 |     8 |     2 ||    48
       Potion            |       |       |       |     1 |     1 |       |     1 ||     3
 Stab: Sleeping          |     3 |       |     2 |     3 |       |     7 |       ||    15
       Paralysed         |       |       |     2 |       |       |     1 |       ||     3
       Distracted        |       |       |       |     1 |       |     5 |       ||     6
  Eat: Chunk             |    10 |    15 |    39 |   103 |   196 |   162 |    20 ||   545
